 Dungeon Crawl Stone Soup version 0.22.1-1-ga44c0e5 (webtiles) character file.

119 gbos the Ruffian (level 4, -5/39 HPs)
             Began as a Draconian Transmuter on Oct 3, 2018.
             Slain by Grinder (6 damage)
             ... while paralysed by Grinder
             ... on level 3 of the Dungeon.
             The game lasted 00:05:49 (2524 turns).

gbos the Ruffian (Draconian Transmuter)             Turns: 2524, Time: 00:05:49

Health: -5/39      AC:  6    Str: 13    XL:     4   Next: 74%
Magic:  4/7        EV:  2    Int: 14    God:
Gold:   163        SH:  0    Dex: 11    Spells: 4/7 levels left

rFire    . . .     SeeInvis .     - Unarmed
rCold    . . .     Gourm    .   (no shield)
rNeg     . . .     Faith    .   (armour unavailable)
rPois    .         Spirit   .   (helmet restricted)
rElec    .         Reflect  .   j - +0 cloak
rCorr    .         Harm     .   (no gloves)
MR       .....                  (no boots)
Stlth    +.........             (no amulet)
HPRegen  0.13/turn              (no ring)
MPRegen  0.10/turn              (no ring)

@: paralysed, very slightly contaminated
A: unfitting armour, cold-blooded, AC +5
a: no special abilities


You were on level 3 of the Dungeon.
You were not hungry.

You visited 1 branch of the dungeon, and saw 3 of its levels.

You collected 163 gold pieces.

Inventory:

Missiles
 a - 12 arrows
Armour
 j - a +0 cloak (worn)
Jewellery
 d - an uncursed amulet of harm {unknown}
Scrolls
 e - 3 scrolls of identify {unknown}
 g - a scroll of fear {unknown}
 h - a scroll of immolation {unknown}
Potions
 b - a potion of lignification {unknown}
 f - a potion of cancellation {unknown}
 i - a potion of brilliance {unknown}
Comestibles
 c - 4 rations
 k - 2 chunks of flesh


   Skills:
 + Level 3.6 Fighting
 - Level 1.7 Dodging
 + Level 4.4 Unarmed Combat
 - Level 2.0 Spellcasting
 - Level 2.0 Transmutations


You had 4 spell levels left.
You knew the following spells:

 Your Spells              Type           Power        Failure   Level  Hunger
a - Beastly Appendage     Tmut           #.....       11%         1    ##.....
b - Sticks to Snakes      Tmut           #.......     16%         2    ###....

Your spell library contained the following spells:

 Spells                   Type           Power        Failure   Level  Hunger
 Magic Dart               Conj           #...         24%         1    ##.....
 Blink                    Tloc           N/A          34%         2    ###....
 Call Imp                 Summ           #.......     34%         2    ###....
 Slow                     Hex            #.......     34%         2    ###....
 Spider Form              Tmut/Pois      #.........   43%         3    ####...
 Conjure Flame            Conj/Fire      #.......     56%         3    ####...
 Mephitic Cloud           Conj/Pois/Air  #.......     56%         3    ####...
 Ice Form                 Ice/Tmut       #.......     83%         4    #####..
 Blade Hands              Tmut           #.........   96%         5    ######.


Dungeon Overview and Level Annotations

Branches:
Dungeon (3/15)

Altars:
Okawaru

Annotations:
D:3 Grinder


Innate Abilities, Weirdness & Mutations

Your plain brown scales are hard. (AC +5)
You cannot fit into any form of body armour.
You are cold-blooded and may be slowed by cold attacks.


Message History

Grinder gestures at you.
You suddenly lose the ability to move!
An orc comes into view. It is wielding a club.
Grinder hits you but does no damage.
The orc wizard mumbles some strange words.
The orc wizard seems to speed up.
The orc hits you with a hand axe. Grinder hits you.
You writhe in agony.
* * * LOW HITPOINT WARNING * * *
Grinder completely misses you. The orc hits you with a hand axe.
* * * LOW HITPOINT WARNING * * *
The orc hits you.
* * * LOW HITPOINT WARNING * * *
Grinder gestures at you. Pain shoots through your body!
* * * LOW HITPOINT WARNING * * *
The orc hits you with a hand axe.
* * * LOW HITPOINT WARNING * * *
The orc hits you but does no damage. Grinder hits you.
You die...

...###.#.....######.....#
# #.##...#.##...## #..####
# .....#.#.###.## #..# #
#...5# #.# #..# #
#.....#..# #.# #..# #
#####...## #.# #..#######
##.#####.########.........
...o..o.5oo......<<######
#o######o@o######.#.# #.
###.# #.#.# #. #.# #.#.#
#. #.# #)#.# #.. ....# #..
### #..# .%.#


You could see Grinder, an orc priest, an orc wizard and 4 orcs.

Vanquished Creatures
  3 adders
  A gnoll (D:2)
  4 worms (D:2)
  4 dart slugs (D:1)
  A leopard gecko (D:1)
  2 orcs (D:2)
  A ball python (D:3)
  7 bats
  4 giant cockroaches
  9 goblins
  6 hobgoblins
  4 jackals (D:2)
  4 kobolds
  A quokka (D:2)
  A frilled lizard (D:2)
  4 rats
56 creatures vanquished.

Notes
Turn   | Place    | Note
-------+----------+-------------------------------------------
     0 | D:1      | gbos the Draconian Transmuter began the quest for the Orb.
     0 | D:1      | Reached XP level 1. HP: 16/16 MP: 3/3
   291 | D:1      | Reached XP level 2. HP: 14/24 MP: 3/5
   725 | D:1      | Reached XP level 3. HP: 28/30 MP: 4/6
  1488 | D:2      | Reached skill level 4 in Unarmed Combat
  1569 | D:2      | Reached XP level 4. HP: 29/38 MP: 5/7
  2383 | D:2      | Found an iron altar of Okawaru.
  2430 | D:3      | Learned a level 2 spell: Sticks to Snakes
  2495 | D:3      | Noticed Grinder
  2496 | D:3      | Paralysed by Grinder for 3 turns
  2519 | D:3      | Paralysed by Grinder for 6 turns
  2523 | D:3      | HP: 1/39 [orc/hand axe (1)]
  2524 | D:3      | Slain by Grinder

Skill      XL: |  1  2  3 |
---------------+----------+-----
Fighting       | 2 3 |  3.6
Unarmed Combat | 4 |  4.4
Dodging        | |  1.7
Spellcasting   | |  2.0
Transmutations | |  2.0

Action                   |  1- 3 |  4- 6 || total
-------------------------+-------+-------++-------
Melee: Unarmed           |   158 |    75 ||   233
       Tailslap          |    20 |    10 ||    30
       Headbutt          |     7 |     4 ||    11
       Punch             |     1 |     2 ||     3
       Kick              |     4 |     5 ||     9
 Cast: Beastly Appendage |    21 |    18 ||    39
  Eat: Chunk             |     1 |     2 ||     3
       Ration            |     1 |       ||     1
Armor: Skin              |    53 |    21 ||    74
Dodge: Dodged            |   114 |    32 ||   146
